 Dungeon Crawl Stone Soup version 0.31-a0-702-gf82c85558f (webtiles) character file.

Game seed: 4846126926642567466

365 qw the Shooter (level 6, -4/38 HPs)
             Began as a Gargoyle Hunter on Sept 8, 2023.
             Slain by Edmund
             ... wielding a +0 dire flail of venom
              (7 damage)
             ... on level 4 of the Dungeon.
             The game lasted 00:00:52 (2786 turns).

qw the Shooter (Gargoyle Hunter)                    Turns: 2786, Time: 00:00:53

Health: -4/38      AC: 12    Str: 14    XL:     6   Next: 68%
Magic:  6/6        EV: 10    Int: 10    God:
Gold:   232        SH:  0    Dex: 15    Spells: 5/5 levels left

rFire   . . .        Y - +0 orcbow
rCold   . . .        (shield currently unavailable)
rNeg    + . .        k - +0 ring mail
rPois   inf          h - +2 hat
rElec   +            (no cloak)
rCorr   .            (no gloves)
SInv    .            g - +0 pair of boots
Will    .....        d - amulet of the acrobat
Stlth   +            (no ring)
HPRegen 0.26/turn    (no ring)
MPRegen 0.10/turn

%: acrobat
@: no status effects
A: sickness immunity, AC +4, negative energy resistance 1, electricity
resistance, torment resistance 1, petrification resistance
a: no special abilities


You were on level 4 of the Dungeon.
You visited 1 branch of the dungeon, and saw 4 of its levels.

You collected 232 gold pieces.


Innate Abilities, Weirdness & Mutations

You are immune to sickness and miasma.
Your stone body is resilient. (AC +4)
You are immune to poison.
You resist negative energy. (rN+)
You are resistant to electric shocks. (rElec)
You are resistant to unholy torment.
You are immune to petrification.


   Skills:
 - Level 4.0 Fighting
 + Level 7.0 Ranged Weapons
 - Level 1.0 Armour
 - Level 1.5 Dodging
 - Level 1.1 Stealth


You had 5 spell levels left.
You didn't know any spells.
Your spell library was empty.

Inventory:

Hand Weapons
 Y - a +0 orcbow (weapon)
Armour
 g - a +0 pair of boots (worn)
 h - a +2 hat (worn)
 k - a +0 ring mail (worn)
Jewellery
 d - an amulet of the acrobat (around neck)
Scrolls
 l - a scroll of identify
Potions
 e - a potion of berserk rage {unknown}
 f - a potion of curing {unknown}
 i - a potion of mutation {unknown}
 j - a potion of haste {unknown}

Dungeon Overview and Level Annotations

Branches:
Dungeon (4/15)
 Temple: D:4-7

Altars:
Wu Jian

Shops:
D:1 [

Annotations:
D:3 3 runed translucent doors, qw's ghost, amateur GrHu
D:4 Edmund


Message History

The ball python hisses angrily.
You shoot an arrow.
The arrow barely misses the ball python.
You shoot an arrow. The arrow hits the ball python.
You kill the ball python!
Edmund the Younger comes into view.
He is wielding a +0 dire flail of venom.
You shoot an arrow.
The arrow hits Edmund but does no damage.
Edmund shouts!
You shoot an arrow.
The arrow hits Edmund but does no damage.
Edmund hits you with a +0 dire flail of venom!
Edmund hits you but does no damage.
You shoot an arrow.
The arrow hits Edmund but does no damage.
Edmund hits you with a +0 dire flail of venom!
You shoot an arrow. The arrow closely misses Edmund.
Edmund hits you but does no damage.
You shoot an arrow.
The arrow hits Edmund but does no damage.
Edmund hits you with a +0 dire flail of venom!
You shoot an arrow.
The arrow hits Edmund but does no damage.
Edmund closely misses you. x2
You shoot an arrow. The arrow hits Edmund.
Edmund is lightly wounded.
Edmund barely misses you.
You shoot an arrow.
The arrow hits Edmund but does no damage.
Edmund is lightly wounded.
Edmund hits you with a +0 dire flail of venom!
You shoot an arrow.
The arrow hits Edmund but does no damage.
Edmund is lightly wounded.
Edmund hits you but does no damage.
You shoot an arrow. The arrow hits Edmund.
Edmund is moderately wounded.
Edmund hits you with a +0 dire flail of venom!
You die...
Edmund whines, "They better pay attention to me now!"

### #.#
#.# #.#
#####.##
#......#
#.##...#
#...#
#...#
#@#.#
#..@...#
####.###
..# ###


You could see Edmund.

Vanquished Creatures
  Sigmund (D:2)
  Jessica (D:2)
  An iguana (D:4)
  5 adders
  4 gnolls (D:2)
  An ufetubus (D:4)
  4 worms
  A dart slug (D:2)
  An orc (D:4)
  7 ball pythons
  10 endoplasms
  3 giant cockroaches
  4 goblins
  4 hobgoblins
  2 quokkas (D:1)
  3 bats
  3 frilled lizards
  7 kobolds
  6 rats
68 creatures vanquished.

Notes
Turn   | Place    | Note
-------+----------+-------------------------------------------
     0 | D:1      | qw the Gargoyle Hunter began the quest for the Orb.
     0 | D:1      | Reached XP level 1. HP: 12/12 MP: 1/1
     0 | D:1      | 0 ||| qw: Version: 0.3-a-76-g4403597
     0 | D:1      | 0 ||| qw: Game counter: 1107
     0 | D:1      | 0 ||| qw: Melee chars always use a shield: true
     0 | D:1      | 0 ||| qw: God list: Okawaru
     0 | D:1      | 0 ||| qw: Allow faded altars: false
     0 | D:1      | 0 ||| qw: Do Orc after clearing Dungeon:15 true
     0 | D:1      | 0 ||| qw: Do second Lair branch before Depths: true
     0 | D:1      | 0 ||| qw: Lair rune preference: random
     0 | D:1      | 0 ||| qw: Goals: Normal
     0 | D:1      | 0 ||| PLANNING D:1-11
   118 | D:1      | Reached XP level 2. HP: 17/17 MP: 2/2
   332 | D:1      | Found Poalam's Antique Armour Shop.
   350 | D:1      | 350 ||| SHOPLISTING glowing scarf (200 gold, have 44).
   350 | D:1      | 350 ||| SHOPLISTING ring mail (100 gold, have 44).
   350 | D:1      | 350 ||| SHOPLISTING shiny ring mail (175 gold, have 44).
   364 | D:1      | Reached XP level 3. HP: 21/21 MP: 3/3
   843 | D:1      | 843 ||| UPGRADING to +2 hat.
   848 | D:1      | 848 ||| UPGRADING to amulet of the acrobat.
   853 | D:1      | 853 ||| READING scroll labelled PUODAL ZIPINT.
   854 | D:1      | 854 ||| READING scroll labelled VUENUY CIUCW.
   858 | D:1      | 858 ||| DROPPING scroll of butterflies.
   878 | D:2      | Reached skill level 5 in Ranged Weapons
  1177 | D:2      | 1177 ||| SWAPPING to +0 orcbow.
  1178 | D:2      | 1178 ||| DROPPING +0 shortbow.
  1244 | D:2      | Noticed Jessica
  1249 | D:2      | Noticed Sigmund
  1250 | D:2      | 1250 ||| Stepping ~*~*~tactically~*~*~ (retreating).
  1251 | D:2      | 1251 ||| Stepping ~*~*~tactically~*~*~ (retreating).
  1253 | D:2      | Reached skill level 3 in Fighting
  1256 | D:2      | Killed Jessica
  1257 | D:2      | Reached XP level 4. HP: 18/28 MP: 4/4
  1260 | D:2      | Killed Sigmund
  1261 | D:2      | Reached skill level 6 in Ranged Weapons
  1261 | D:2      | Reached XP level 5. HP: 22/32 MP: 5/5
  1261 | D:2      | Reached XP level 6. HP: 26/37 MP: 6/6
  1665 | D:2      | Found a faded altar of an unknown god.
  1730 | D:2      | 1730 ||| UPGRADING to +0 pair of boots.
  1735 | D:2      | 1735 ||| READING scroll labelled JAMUKL CURAIG.
  1736 | D:2      | 1736 ||| READING scroll labelled OPUMOLEZUA.
  1903 | D:3      | Reached skill level 1 in Armour
  1956 | D:3      | Found a runed translucent gate.
  1956 | D:3      | Found a runed translucent gate.
  1956 | D:3      | Found a runed translucent gate.
  1960 | D:3      | Noticed qw's ghost (amateur GrHu)
  2185 | D:3      | Found an ornate altar of the Wu Jian Council.
  2611 | D:3      | 2611 ||| UPGRADING to +0 ring mail.
  2621 | D:3      | 2621 ||| DROPPING +0 leather armour.
  2622 | D:3      | 2622 ||| READING scroll labelled HAYHOE KIUCSE.
  2623 | D:3      | 2623 ||| READING 2 scrolls labelled ZASUCEURAM.
  2624 | D:3      | 2624 ||| DRINKING 2 fuming brown potions.
  2625 | D:3      | 2625 ||| DROPPING potion of invisibility.
  2747 | D:4      | Reached skill level 7 in Ranged Weapons
  2776 | D:4      | Noticed Edmund
  2784 | D:4      | HP: 3/38 [Edmund/+0 dire flail of venom (8)]
  2786 | D:4      | Slain by Edmund

Levels and vault maps discovered:
D:1:      dpeg_arrival_solitude, layout_loops_cross, serial_shops, shop,
          serial_rivers, chequers_serial_rivers_large_a,
          chequers_serial_rivers_micro_a, chequers_serial_rivers_room_a,
          chequers_serial_rivers_micro_b, chequers_serial_rivers_small_3,
          minivault_24, solitary_fountain, minmay_crystal_water, st_stairs_5,
          minmay_3d_cube
D:2:      layout_loops_corners, dreamdust_ecumenical_altar_angels_and_demons,
          uniq_sigmund, uniq_jessica
D:3:      layout_basic, mainiacjoe_overflow_catwalk, biasface_ghost_orc_armoury
D:4:      layout_loops_cross, mainiacjoe_overflow_alcove_4,
          grunt_gozag_breadcrumbs, uniq_edmund

Skill      XL: |  1  2  3  4  5  6 |
---------------+-------------------+-----
Ranged Weapons | 5 6 7 |  7.0
Fighting       | 3 4 |  4.0
Armour         | 1 |  1.0
Dodging        | |  1.5
Stealth        | |  1.1

Action                     |  1- 3 |  4- 6 || total
---------------------------+-------+-------++-------
   Fire: Shortbow          |    80 |       ||    80
         Orcbow            |    13 |    94 ||   107
    Use: Scroll            |     2 |     4 ||     6
         Potion            |       |     1 ||     1
 Armour: Leather armour    |    12 |    19 ||    31
         Ring mail         |       |    14 ||    14
  Dodge: Dodged            |     6 |    24 ||    30

Table legend:
 A = Non-vault XP
 B = Vault XP
 C = Vault XP percentage of total XP
 D = Non-vault monster count
 E = Vault monster count
 F = Vault count percentage of total count
                 A         B        C        D         E       F
            +---------+---------+-------+---------+---------+-------
      Total |     259 |     263 |  50.4 |      60 |       8 |  11.8
            +---------+---------+-------+---------+---------+-------
        D:1 |      26 |      12 |  31.6 |      19 |       6 |  24.0
        D:2 |     128 |     251 |  66.2 |      23 |       2 |   8.0
        D:3 |      56 |       0 |   0.0 |      14 |       0 |   0.0
        D:4 |      49 |       0 |   0.0 |       4 |       0 |   0.0
            +---------+---------+-------+---------+---------+-------
